 Dungeon Crawl Stone Soup version bcrawl-1.17.1 (webtiles) character file.

Game seed: 8614972061205550591

304189 gruber the Warrior (level 20, -3/193 HPs)
             Began as a Minotaur Archaeologist on Oct 9, 2019.
             Was the Champion of Makhleb.
             Killed from afar by Frederick (61 damage)
             ... with an orb of electricity
             ... on level 4 of the Depths on Oct 13, 2019.
             The game lasted 01:16:15 (34100 turns).

gruber the Warrior (Minotaur Archaeologist)        Turns: 34100, Time: 01:16:15

Health: -3/193     AC: 20    Str: 18    XL:     20   Next: 59%
Magic:  30/30      EV: 21    Int: 11    God:    Makhleb [******]
Gold:   2073       SH:  0    Dex: 20    Spells: 15/19 levels left

rFire    + + .     SeeInvis .   f - +5 pair of quick blades "Gyre" and "Gimble" {pierce}
rCold    + . .     Gourm    .   (shield currently unavailable)
rNeg     . . .     Faith    .   C - +1 scale mail of Tydo {Dex+4 Slay+3} (curse)
rPois    +         Spirit   .   O - +2 hat of Weightlessness {rPois rF+ Stlth+}
rElec    .         Reflect  .   Y - scarf {rC+ rF+}
rCorr    .         Harm     .   Z - +2 pair of gloves
MR       ++...                  d - +1 pair of boots
Stlth    +++.......             E - amulet of regeneration
HPRegen  0.82/turn              c - ring of protection from magic
MPRegen  0.22/turn              D - ring of Shadows {Umbra +Inv Stlth+}

@: liquid flames, very slightly contaminated, glowing, invisible (but backlit
and visible) (expiring)
A: retaliatory headbutt, horns 2
}: 1/15 runes: gossamer
a: Minor Destruction, Lesser Servant of Makhleb, Major Destruction, Greater
Servant of Makhleb, Renounce Religion


You were on level 4 of the Depths.
You worshipped Makhleb.
Makhleb was exalted by your worship.
You were not hungry.

You visited 7 branches of the dungeon, and saw 30 of its levels.
You also visited: Gauntlet and Volcano.

You collected 3878 gold pieces.
You spent 1805 gold pieces at shops.

Inventory:

Hand Weapons
 f - the +5 pair of quick blades "Gyre" and "Gimble" (weapon) {pierce}

   It inflicts extra damage upon your enemies.
Missiles
 a - 403 silver javelins
 b - a throwing net {!f}
 w - 1353 sling bullets
 W - 207 javelins (quivered)
Armour
 d - a +1 pair of boots (worn)
 B - the +7 plate armour "Goth" {Int+5}
   (You took it off a tengu warrior on level 3 of the Depths)

   It affects your intelligence (+5).
 C - the cursed +1 scale mail of Tydo (worn) {Dex+4 Slay+3}
   (You bought it in a shop in the Orcish Mines)

   It affects your dexterity (+4).
   It affects your accuracy and damage with ranged weapons and melee attacks
   (+3).
   It has a curse placed upon it.
 O - the +2 hat of Weightlessness (worn) {rPois rF+ Stlth+}
   (You found it on level 8 of the Dungeon)

   It protects you from fire.
   It protects you from poison.
   It makes you more stealthy.
 Y - a scarf of resistance (worn)
 Z - a +2 pair of gloves (worn)
Jewellery
 c - a ring of protection from magic (left hand)
 x - the ring of Atyuf {+Fly rElec rCorr}
   (You took it off a spriggan defender on level 3 of the Depths)

   [ring of resist corrosion]

   It insulates you from electricity.
   It lets you fly.
   It provides partial protection from all sources of acid and corrosion.
 D - the ring of Shadows (right hand) {Umbra +Inv Stlth+}
   (You found it on level 4 of the Lair of Beasts)

   [ring of stealth]

   It lets you turn invisible.
   It makes you more stealthy.
 E - an amulet of regeneration (around neck)
 R - the ring of Mistrust {*Drain +Blink rPois Str+3}
   (You found it on level 10 of the Dungeon)

   [ring of strength]

   It affects your strength (+3).
   It protects you from poison.
   It lets you blink.
   It causes draining when unequipped.
Wands
 n - a wand of digging (44)
 r - a wand of acid (19)
 t - a wand of flame (68)
 A - a wand of scattershot (5)
 H - a wand of paralysis (18)
 I - a wand of iceblast (27)
Scrolls
 i - 17 scrolls of teleportation
 k - 19 scrolls of remove curse
 l - 2 scrolls of fear
 m - 23 scrolls of identify
 o - 6 scrolls of enchant weapon
 u - 8 scrolls of magic mapping
 v - 9 scrolls of fog
 y - 5 scrolls of amnesia
 G - 5 scrolls of enchant armour
 T - a scroll of summoning
 U - 3 scrolls of blinking
Potions
 e - 2 potions of heal wounds
 h - 8 potions of ambrosia
 j - 3 potions of brilliance
 p - 5 potions of haste
 q - 2 potions of berserk rage
 s - 7 potions of cancellation
 z - 7 potions of curing
 J - 4 potions of flight
 K - 6 potions of agility
 L - a potion of invisibility
 Q - 2 potions of might
 S - 3 potions of magic
 V - 2 potions of lignification
 X - 5 potions of resistance
Miscellaneous
 F - a phial of floods
 M - a fan of gales
 N - a lightning rod (4/4)
 P - a lamp of fire
Comestibles
 g - 55 rations {!d}


   Skills:
 - Level 20.0 Fighting
 - Level 18.0 Short Blades
   Level 1.2 Maces & Flails
 - Level 17.0 Armour
 - Level 15.0 Dodging
 - Level 12.0 Stealth
 * Level 3.1 Translocations
 - Level 15.1 Invocations
 - Level 8.2 Evocations


You had 15 spell levels left.
You knew the following spells:

 Your Spells              Type           Power        Failure   Level  Hunger
a - Apportation           Tloc           #.....       22%         1    ##.....
b - Blink                 Tloc           N/A          32%         2    ###....
c - Summon Butterflies    Summ           #.......     58%         1    ##.....

Your spell library contained the following spells:

 Spells                   Type           Power        Failure   Level  Hunger
 Corona                   Hex            #......      58%         1    ##.....
 Flame Tongue             Conj/Fire      #....        58%         1    ##.....
 Infusion                 Chrm           #.......     58%         1    ##.....
 Magic Dart               Conj           #...         58%         1    ##.....
 Sandblast                Erth           #.....       58%         1    ##.....
 Slow                     Hex            #.......     58%         1    ##.....
 Sting                    Conj/Pois      #...         58%         1    ##.....
 Call Imp                 Summ           #.......     75%         2    ###....
 Ensorcelled Hibernation  Hex/Ice        #.....       75%         2    ###....
 Passwall                 Tmut/Erth      #.......     75%         2    ###....
 Poisonous Vapours        Pois/Air       #.....       75%         2    ###....
 Song of Slaying          Chrm           #.......     75%         2    ###....
 Confuse                  Hex            #.......     92%         3    ####...
 Conjure Flame            Conj/Fire      #.......     92%         3    ####...
 Dazzling Spray           Conj/Hex       #.....       92%         3    ####...
 Ignite Poison            Fire/Tmut/Pois #.......     92%         3    ####...
 Mephitic Cloud           Conj/Pois/Air  #.......     92%         3    ####...
 Ozocubu's Armour         Chrm/Ice       #.......     92%         3    ####...
 Regeneration             Chrm/Necr      #.........   92%         3    ####...
 Spectral Weapon          Hex/Chrm       #.......     92%         3    ####...
 Stone Arrow              Conj/Erth      #.....       92%         3    ####...
 Tukima's Dance           Hex            #.......     92%         3    ####...
 Olgreb's Toxic Radiance  Pois           #.......     100%        4    #####..
 Petrify                  Tmut/Erth      #.......     100%        4    #####..
 Summon Scorpions         Summ/Pois      #.......     100%        4    #####..
 Yara's Violent Unravell  Hex/Tmut       #.........   100%        4    #####..
 Lee's Rapid Deconstruct  Erth           #.........   100%        5    ######.
 Metabolic Englaciation   Hex/Ice        #.........   100%        5    ######.
 Venom Bolt               Conj/Pois      #.........   100%        5    ######.
 Steam Barrier            Chrm/Fire      #.........   100%        6    #######
 Icicle Burst             Conj/Ice       #.........   100%        7    #######
 Mana Rupture             Conj/Hex       #.........   100%        7    #######
 Chain Lightning          Conj/Air       #.........   100%        8    #######
 Glaciate                 Conj/Ice/Air   #.........   100%        8    #######
 Lehudib's Crystal Spear  Conj/Erth      #.........   100%        8    #######
 Fire Storm               Conj/Fire      #.........   100%        9    #######
 Tornado                  Air            #.........   100%        9    #######


Dungeon Overview and Level Annotations

Branches:
Dungeon (12/12)            Temple (1/1) D:7            Lair (6/6) D:9
 Shoals (0/3) Lair:3       Spider (3/3) Lair:4        Slime (0/5) Lair:6
    Orc (1/1) D:10            Elf (0/3) Orc          Vaults (3/3) D:11
  Crypt (0/2) Vaults:1     Depths (4/5) D:12

Altars:
Ashenzari
Cheibriados
Dithmenos
Elyvilon
Fedhas
Gozag
Hepliaklqana
Kikubaaqudgha
Lugonu
Makhleb
Nemelex Xobeh
Okawaru
Qazlal
Ru
Sif Muna
Trog
Uskayaw
Vehumet
Wu Jian
Xom
Yredelemnul
Zin
The Shining One
Beogh
Jiyva

Shops:
D:12 =*   Orc ([[?}   Vaults:2 [

Portals:
Hell: Depths:1 Depths:2 Depths:3
Abyss: Depths:1 Depths:2
Pandemonium: Depths:1 Depths:3

Annotations:
D:8 2 runed translucent doors
Vaults:2 3 runed translucent doors, HilariousDeathArtist's ghost, adept CeWn
Depths:3 Mara
Depths:4 Frederick


Innate Abilities, Weirdness & Mutations

You reflexively headbutt those who attack you in melee.
You have a pair of horns on your head.


Message History

A yaktaur comes into view.
The ice dragon breathes frost at you. The blast of cold hits you! You resist.
* * * LOW HITPOINT WARNING * * *
You hear a deafening roar!
You hear a horrible gurgling sound!
Things that are here:
a spark wasp corpse; a shapeshifter corpse You are covered in liquid flames!
* * * LOW HITPOINT WARNING * * *
Frederick activates a sealing rune.
Your cacodemon hits Frederick!
Your cacodemon closely misses Frederick.
The ice dragon closely misses you. x2
The ice dragon tramples you but does no damage.
You hear a shout!
You feel much better.
You are covered in liquid flames!
Frederick conjures a destructive force in the name of Frederick!
The orb of electricity explodes!
The orb of electricity engulfs you!
You die...

#...#########
#............
............
.....[.?...
.c.......#
#cc......#
#D@[.....#
#2@......#
######†#######
#≈≈≈≈#)#
###≈≈≈≈#†#
####.'≈≈≈≈+.#
#....#≈≈≈≈###
#..<.#≈≈≈≈#
#....######
#.......#


You could see Frederick, an ice dragon, 3 yaktaurs and a friendly cacodemon.

Vanquished Creatures
  A juggernaut (Depths:2)
  Mennas (Depths:4)
  A caustic shrike (Depths:3)
  Gastronok (Lair:2)
  A lich (Depths:1)
  A quicksilver dragon (Depths:2)
  Jorgrun (Spider:1)
  Asterion (Spider:1)
  Frances (D:12)
  3 sphinxes
  5 tengu reavers
  A storm dragon (Depths:3)
  Donald (Spider:1)
  A fire giant (Depths:3)
  4 frost giants
  Aizul (Spider:3)
  An iron dragon (Depths:3)
  2 ghost moths (Spider:3)
  Louise (Spider:3)
  A juggernaut zombie (Depths:1)
  The ghost of Tutankhamun the Stormcaller, a journeyman DjAE of Sif Muna (D:12)
  3 vault wardens
  11 stone giants
  3 spriggan defenders
  An orc warlord (Vaults:1)
  8 emperor scorpions
  7 ironheart preservers
  7 very ugly things
  2 war gargoyles (Vaults:2)
  4 entropy weavers
  5 vampire knights
  The ghost of Revguard the Slicer, a journeyman DsAc of Wu Jian (D:12)
  4 spark wasps
  A minotaur (Gauntlet)
  2 green deaths
  6 ettins
  7 fire dragons
  5 rakshasas
  7 ice dragons
  4 yaktaur captains
  4 hydras
  5 great orbs of eyes
  An anaconda (Lair:6)
  11 vault guards
  5 centaur warriors
  A juggernaut simulacrum (Depths:1)
  A catoblepas (Lair:3)
  35 two-headed ogres
  A death knight (Vaults:2)
  9 ogre magi
  8 tengu warriors
  Urug (Lair:2)
  A death scarab (Gauntlet)
  10 deep troll shamans
  6 deep troll earth magi
  A dancing weapon (Vaults:2)
  A soul eater (Depths:3)
  A sun demon (Volcano)
  4 iron trolls
  A deep elf knight (Vaults:2)
  25 deep trolls
  A sixfirhy (Gauntlet)
  3 shadow wraiths
  4 flayed ghosts
  3 skeletal warriors (D:9)
  An unseen horror (shapeshifter) (Depths:3)
  7 hell knights (Depths:3)
  8 cyclopes
  7 unseen horrors
  5 glowing orange brains
  A cyclops (shapeshifter) (D:12)
  8 wizards
  3 ironbrand convokers (Vaults:1)
  3 deep elf archers
  2 harpies (shapeshifter)
  2 orc knights
  24 wolf spiders
  2 deep elf magi
  Pikel (D:8)
  13 harpies (Vaults:2)
  17 orb spiders
  4 large abominations (Depths:1)
  25 ugly things
  7 necromancers
  An elephant (shapeshifter) (Vaults:1)
  2 orc sorcerers
  2 manticores
  A stone giant zombie (Depths:1)
  2 merfolk sirens (Lair:3)
  6 elephants
  2 centaur zombies
  3 moths of wrath
  4 salamanders (Depths:2)
  2 smoke demons
  A black mamba (shapeshifter) (Vaults:1)
  2 rust devils
  6 black mambas
  3 centaur skeletons
  8 vault sentinels
  2 rime drakes (Lair:6)
  4 freezing wraiths
  10 cane toads
  15 yaktaurs
  A redback zombie (D:11)
  2 yaktaurs (shapeshifter)
  A rime drake (shapeshifter) (Vaults:2)
  10 komodo dragons
  A spriggan skeleton (Depths:1)
  12 demonic crawlers
  A hellwing (Depths:1)
  3 red devils
  A yaktaur skeleton (Vaults:2)
  17 jumping spiders
  A jumping spider (shapeshifter) (Depths:4)
  3 polar bears
  8 tengu conjurers
  3 trolls
  16 hornets
  8 slime creatures
  9 blink frogs
  2 hornets (shapeshifter)
  A raiju (Gauntlet)
  A dream sheep (shapeshifter) (Depths:3)
  A blink frog (shapeshifter) (Vaults:2)
  11 hippogriffs
  2 dream sheep (Lair:6)
  An ettin zombie (Vaults:2)
  A frost giant simulacrum (Vaults:1)
  58 redbacks
  13 spriggans
  26 tarantellas
  Sigmund (D:4)
  7 water elementals (Depths:2)
  2 wyverns
  A wraith (D:10)
  4 vampires
  A basilisk (Lair:3)
  A ynoxinul (Depths:3)
  17 humans (D:11)
  56 yaks
  A basilisk (shapeshifter) (D:8)
  5 fire bats (Volcano)
  A fire elemental (Depths:2)
  5 hungry ghosts
  2 steam dragons (Gauntlet)
  A human (shapeshifter) (Vaults:1)
  7 vampire mosquitoes
  2 chaos spawn (Depths:1)
  3 soldier ants (D:9)
  An acid dragon (D:12)
  2 hell hounds (Lair:3)
  3 small abominations (Depths:1)
  A soldier ant (shapeshifter) (D:11)
  6 hydra simulacra (Depths:2)
  16 water moccasins
  10 orc warriors
  6 porcupines
  An ice beast (shapeshifter) (D:11)
  An ettin simulacrum (Vaults:1)
  A hornet zombie (D:8)
  3 ice beasts
  5 black bears
  An eye of draining (shapeshifter) (Vaults:2)
  3 phantoms
  3 sky beasts
  4 boggarts (Lair:6)
  37 ogres
  14 wolves (Lair:6)
  7 centaurs
  16 crocodiles
  A big kobold (D:6)
  13 bullfrogs
  2 human skeletons (Vaults:2)
  A wyvern skeleton (D:9)
  2 scorpions
  5 killer bees (D:9)
  An electric eel (D:9)
  A howler monkey (D:8)
  7 crimson imps
  A bullfrog zombie (D:9)
  5 lava snakes (Volcano)
  A human simulacrum (Vaults:1)
  A quasit (D:8)
  A bullfrog skeleton (D:6)
  3 jellies
  Crazy Yiuf (D:4)
  12 orc priests
  A gnoll shaman (D:8)
  4 hounds
  Jessica (D:2)
  3 iguanas
  19 orc wizards
  Ijyb (D:3)
  Natasha (thrice) (D:3)
  4 hell rats (Lair:5)
  10 worker ants
  A hound zombie (D:8)
  A hound skeleton (D:4)
  Robin (D:3)
  17 adders
  8 gnolls
  A white imp (Depths:3)
  3 oozes
  2 adder skeletons
  5 adder zombies
  6 worms
  6 dart slugs
  10 leopard geckos
  64 orcs
  A ball python (D:2)
  3 giant cockroaches
  12 goblins
  15 hobgoblins
  2 jackals (D:9)
  17 kobolds
  3 quokkas
  A ball python skeleton (D:3)
  3 bats
  3 frilled lizards
  A quokka skeleton (D:4)
  7 rats
1247 creatures vanquished.

Vanquished Creatures (collateral kills)
  A deep elf death mage (Depths:3)
  A great orb of eyes (Depths:3)
  A deep troll shaman (Depths:3)
  2 yaktaurs (Depths:3)
  A jumping spider (Spider:3)
6 creatures vanquished.

Vanquished Creatures (others)
  A necromancer (Depths:3)
  A gnoll (D:8)
  5 plants
7 creatures vanquished.

Grand Total: 1260 creatures vanquished

Notes
Turn   | Place    | Note
-------+----------+-------------------------------------------
     0 | D:1      | gruber the Minotaur Archaeologist began the quest for the
                  | Orb.
     0 | D:1      | Reached XP level 1. HP: 16/16 MP: 0/0
    81 | D:1      | Reached skill level 2 in Fighting
   132 | D:1      | Reached XP level 2. HP: 16/25 MP: 1/1
   233 | D:1      | Reached skill level 3 in Fighting
   555 | D:2      | Reached XP level 3. HP: 33/33 MP: 2/2
   567 | D:2      | Reached skill level 1 in Short Blades
   736 | D:2      | Noticed Jessica
   742 | D:2      | Killed Jessica
   742 | D:2      | Reached XP level 4. HP: 40/40 MP: 3/3
   761 | D:2      | Found a shimmering blue altar of Sif Muna.
  1244 | D:3      | Reached skill level 5 in Short Blades
  1282 | D:3      | Noticed Ijyb
  1292 | D:3      | Killed Ijyb
  1292 | D:3      | Reached XP level 5. HP: 40/46 MP: 4/4
  1327 | D:3      | Noticed Robin
  1351 | D:3      | Killed Robin
  1639 | D:3      | Noticed Natasha
  1648 | D:3      | Killed Natasha
  1686 | D:3      | Noticed Natasha
  1693 | D:3      | Killed Natasha
  1693 | D:3      | Reached XP level 6. HP: 52/52 MP: 5/5
  1877 | D:3      | Noticed Natasha
  1881 | D:3      | Killed Natasha
  2107 | D:3      | Found a basalt altar of Yredelemnul.
  2107 | D:3      | Found a glowing silver altar of Zin.
  2107 | D:3      | Found a sparkling altar of Nemelex Xobeh.
  2155 | D:4      | Found a shadowy altar of Dithmenos.
  2207 | D:4      | Found a roughly hewn altar of Beogh.
  2370 | D:4      | Reached XP level 7. HP: 46/58 MP: 6/6
  2446 | D:4      | Found a snail-covered altar of Cheibriados.
  2716 | D:4      | Reached skill level 10 in Short Blades
  2884 | D:4      | Noticed Sigmund
  2894 | D:4      | Killed Sigmund
  2894 | D:4      | Reached XP level 8. HP: 53/66 MP: 7/7
  2976 | D:4      | Reached skill level 4 in Fighting
  3016 | D:4      | Found a runed door.
  3060 | D:4      | Got a smoking hunting sling
  3317 | D:4      | Noticed Crazy Yiuf
  3320 | D:4      | Killed Crazy Yiuf
  3353 | D:5      | Entered Level 5 of the Dungeon
  3388 | D:5      | Found a shattered altar of Ashenzari.
  3461 | D:5      | Reached skill level 5 in Fighting
  3693 | D:5      | Reached skill level 6 in Fighting
  3829 | D:5      | Reached skill level 7 in Fighting
  3881 | D:5      | Found a shimmering altar of Xom.
  4285 | D:6      | Reached skill level 8 in Fighting
  4318 | D:6      | Found a corrupted altar of Lugonu.
  4332 | D:6      | Noticed a two-headed ogre
  4342 | D:6      | Killed a two-headed ogre
  4342 | D:6      | Reached skill level 10 in Fighting
  4342 | D:6      | Reached XP level 9. HP: 44/86 MP: 8/8
  4700 | D:6      | Found a sacrificial altar of Ru.
  4909 | D:6      | Reached skill level 11 in Fighting
  5093 | D:7      | Noticed a troll
  5100 | D:7      | Killed a troll
  5100 | D:7      | Reached skill level 12 in Fighting
  5195 | D:7      | Noticed a two-headed ogre
  5203 | D:7      | Killed a two-headed ogre
  5203 | D:7      | Reached skill level 13 in Fighting
  5203 | D:7      | Reached XP level 10. HP: 101/101 MP: 9/9
  5290 | D:7      | Found a staircase to the Ecumenical Temple.
  5381 | Temple   | Entered the Ecumenical Temple
  5587 | Temple   | Became a worshipper of Makhleb the Destroyer
  6494 | D:8      | Found a glowing golden altar of the Shining One.
  6548 | D:8      | Found an ancient bone altar of Kikubaaqudgha.
  6646 | D:8      | Noticed a cyclops
  6660 | D:8      | Reached skill level 5 in Dodging
  6664 | D:8      | Killed a cyclops
  6794 | D:8      | Noticed a manticore
  6814 | D:8      | Killed a manticore
  6874 | D:8      | Got a steaming hat
  6885 | D:8      | Identified the +2 hat of Weightlessness {rPois rF+ Stlth+}
                  | (You found it on level 8 of the Dungeon)
  6893 | D:8      | Found a runed translucent door.
  6893 | D:8      | Noticed an orc knight
  6951 | D:8      | Reached skill level 1 in Armour
  7015 | D:8      | Reached * piety under Makhleb
  7038 | D:8      | Noticed a centaur warrior
  7039 | D:8      | Noticed an ettin
  7039 | D:8      | Found a runed translucent door.
  7039 | D:8      | Found a runed translucent door.
  7039 | D:8      | Noticed a two-headed ogre
  7109 | D:8      | Reached skill level 5 in Armour
  7148 | D:8      | Noticed Pikel
  7154 | D:8      | Killed Pikel
  7291 | D:8      | Found a white marble altar of Elyvilon.
  7327 | D:8      | Reached XP level 11. HP: 107/107 MP: 10/10
  7714 | D:9      | Reached ** piety under Makhleb
  7734 | D:9      | Found a staircase to the Lair.
  7734 | D:9      | Noticed a skeletal warrior
  7734 | D:9      | Noticed a skeletal warrior
  7734 | D:9      | Noticed a skeletal warrior
  7781 | D:9      | Killed a skeletal warrior
  7915 | D:9      | Found a hide-covered altar of Uskayaw.
  8002 | D:9      | Noticed a tengu warrior
  8069 | D:9      | Reached skill level 10 in Armour
  8097 | D:9      | Killed a skeletal warrior
  8119 | D:9      | Killed a skeletal warrior
  8276 | D:9      | Noticed a tengu warrior
  8303 | D:9      | Killed a tengu warrior
  8317 | D:9      | Killed a tengu warrior
  8317 | D:9      | Reached skill level 10 in Dodging
  8649 | D:9      | Found a shimmering altar of Xom.
  8886 | D:10     | Entered Level 10 of the Dungeon
  8913 | D:10     | Got a translucent granite ring
  8959 | D:10     | Identified the ring of Mistrust {*Drain +Blink rPois Str+3}
                  | (You found it on level 10 of the Dungeon)
  8960 | D:10     | Identified the +5 hunting sling "Divu Vam" {freeze, rElec
                  | Int+6 Dex+4} (You found it on level 4 of the Dungeon)
  9016 | D:10     | Noticed a cyclops
  9024 | D:10     | Killed a cyclops
  9024 | D:10     | Reached *** piety under Makhleb
  9177 | D:10     | Reached XP level 12. HP: 115/115 MP: 11/11
  9351 | D:10     | Found a staircase to the Orcish Mines.
  9796 | D:11     | Reached **** piety under Makhleb
  9867 | D:11     | Found the +3 hat of Pondering {ponderous, MR+ MP+10 Int+5}
  9954 | D:11     | Found a gate to the Vaults.
  9954 | D:11     | Noticed a vault guard
  9954 | D:11     | Noticed a vault guard
  9954 | D:11     | Noticed a vault guard
  9954 | D:11     | Noticed a vault guard
  9980 | D:11     | Killed a vault guard
 10008 | D:11     | Killed a vault guard
 10023 | D:11     | Killed a vault guard
 10053 | D:11     | Killed a vault guard
 10053 | D:11     | Reached skill level 15 in Dodging
 10377 | D:11     | Found a sacrificial altar of Ru.
 10607 | D:11     | Reached XP level 13. HP: 123/123 MP: 12/12
 10624 | D:11     | Reached skill level 14 in Fighting
 10767 | D:11     | Reached ***** piety under Makhleb
 11068 | Lair:1   | Entered Level 1 of the Lair of Beasts
 11751 | Lair:2   | Reached skill level 15 in Fighting
 11790 | Lair:2   | Noticed Gastronok
 11831 | Lair:2   | Killed Gastronok
 11851 | Lair:2   | Noticed Urug
 11858 | Lair:2   | Killed Urug
 11858 | Lair:2   | Reached skill level 5 in Stealth
 12587 | Lair:3   | Found a staircase to the Shoals.
 13089 | Lair:3   | Found a dark tunnel.
 13097 | Volcano  | Entered a volcano
 13146 | Volcano  | Reached XP level 14. HP: 135/135 MP: 13/13
 13311 | Volcano  | Found a radiant altar of Vehumet.
 13362 | Volcano  | Found a bloodstained altar of Trog.
 13767 | Lair:4   | Learned a level 1 spell: Apportation
 13770 | Lair:4   | Learned a level 2 spell: Blink
 13772 | Lair:4   | Learned a level 1 spell: Summon Butterflies
 13932 | Lair:4   | Found a hole to the Spider Nest.
 14065 | Lair:4   | Found the ring of Shadows {Umbra +Inv Stlth+}
 14684 | Lair:5   | Reached ****** piety under Makhleb
 15258 | Lair:6   | Entered Level 6 of the Lair of Beasts
 15258 | Lair:6   | Found a hide-covered altar of Uskayaw.
 15362 | Lair:6   | Found a gate leading to a gauntlet.
 15371 | Gauntlet | Entered a Gauntlet
 15371 | Gauntlet | Found a transporter.
 15371 | Gauntlet | Found a transporter.
 15387 | Gauntlet | Found a transporter.
 15388 | Gauntlet | Found a transporter.
 15409 | Gauntlet | Found a transporter.
 15424 | Gauntlet | Found a transporter.
 15440 | Gauntlet | Found a transporter.
 15458 | Gauntlet | Found a transporter.
 15464 | Gauntlet | Found a transporter.
 15505 | Gauntlet | Found a transporter.
 15616 | Gauntlet | Reached skill level 15 in Short Blades
 15617 | Gauntlet | Identified the Catalogue of the Blaze and Lightness
 16084 | Lair:6   | Found a viscous altar of Jiyva.
 16085 | Lair:6   | Found a staircase to the Slime Pits.
 17372 | D:12     | Entered Level 12 of the Dungeon
 17445 | D:11     | Reached skill level 10 in Stealth
 17761 | D:12     | Noticed Frances
 17790 | D:12     | Reached XP level 15. HP: 135/141 MP: 14/14
 17852 | D:12     | Killed Frances
 17858 | D:12     | Found a staircase to the Depths.
 17975 | D:12     | Identified a scroll of acquirement
 18035 | D:12     | Found Erchenoli's Jewellery Shoppe.
 18043 | D:12     | Bought a cursed ring of teleportation for 49 gold pieces
 18081 | D:12     | Found a runed translucent gate.
 18083 | D:12     | Found a runed translucent gate.
 18103 | D:12     | Noticed Tutankhamun's ghost (journeyman DjAE)
 18103 | D:12     | Noticed Revguard's ghost (journeyman DsAc)
 18104 | D:12     | Found a runed translucent gate.
 18143 | D:12     | Found Xokkul's General Store.
 18151 | D:12     | Bought a potion of heal wounds for 70 gold pieces
 18422 | Spider:1 | Entered Level 1 of the Spider Nest
 18456 | Spider:1 | Noticed Jorgrun
 18562 | Spider:1 | Killed Jorgrun
 18901 | Spider:1 | Noticed Donald
 18982 | Spider:1 | Reached skill level 1 in Evocations
 19096 | Spider:1 | Noticed Asterion
 19159 | Spider:1 | Noticed an Executioner
 19159 | Spider:1 | Killed Asterion
 19544 | Spider:1 | Killed Donald
 19573 | Spider:1 | Reached skill level 5 in Evocations
 20959 | Spider:3 | Entered Level 3 of the Spider Nest
 20959 | Spider:3 | Noticed Aizul
 21004 | Spider:2 | HP: 6/141 [demonic crawler (5)]
 21014 | Spider:2 | HP: 3/141 [demonic crawler (7)]
 21023 | Spider:2 | Reached skill level 1 in Invocations
 21302 | Spider:2 | Reached XP level 16. HP: 48/149 MP: 21/21
 21539 | Spider:3 | Noticed Louise
 21550 | Spider:3 | Killed Louise
 21552 | Spider:3 | Reached skill level 5 in Invocations
 21601 | Spider:3 | Killed Aizul
 22375 | Orc      | Entered the Orcish Mines
 22402 | Orc      | Found Ychothrekk's Antique Weapon Emporium.
 22563 | Orc      | Found Aphad's Gadget Shoppe.
 22563 | Orc      | Found Meak's Armour Shop.
 22563 | Orc      | Found Qyefenn's Magic Scroll Shop.
 22563 | Orc      | Found Ynarucix's Antique Armour Emporium.
 22728 | Orc      | Bought a scroll of identify for 28 gold pieces
 22728 | Orc      | Bought a scroll of identify for 28 gold pieces
 22728 | Orc      | Bought a scroll of identify for 28 gold pieces
 22728 | Orc      | Bought a scroll of immolation for 49 gold pieces
 22728 | Orc      | Bought a scroll of vulnerability for 105 gold pieces
 22728 | Orc      | Bought a scroll of fog for 28 gold pieces
 22735 | Orc      | Bought a faintly humming scale mail for 279 gold pieces
 22735 | Orc      | Bought a warped leather armour for 217 gold pieces
 22738 | Orc      | Identified the cursed +1 scale mail of Tydo {Dex+4 Slay+3}
                  | (You bought it in a shop in the Orcish Mines)
 22739 | Orc      | Identified the +0 leather armour "Jiylast" {Dex+4} (You
                  | bought it in a shop in the Orcish Mines)
 22836 | Orc      | Found a staircase to the Elven Halls.
 23462 | Spider:2 | Reached skill level 10 in Invocations
 24261 | Spider:3 | Reached XP level 17. HP: 110/156 MP: 21/24
 24498 | Spider:3 | Got a gossamer rune of Zot
 24959 | Vaults:1 | Entered Level 1 of the Vaults
 25358 | Vaults:1 | Reached skill level 15 in Armour
 25416 | Vaults:1 | Found a staircase to the Crypt.
 25737 | Vaults:1 | Upgraded the game from bcrawl-1.15.1-4-g77d781cab4 to
                  | bcrawl-1.17.1
 26219 | Vaults:1 | Reached XP level 18. HP: 163/163 MP: 25/25
 26570 | Vaults:2 | Reached skill level 16 in Fighting
 26904 | Vaults:2 | Found Biusch's Antique Armour Boutique.
 26912 | Vaults:2 | Bought a faintly humming plate armour for 924 gold pieces
 26912 | Vaults:2 | Identified the +4 plate armour of the Burgomaster {+Fly
                  | rElec Int-5 Dex-5} (You bought it in a shop on level 2 of
                  | the Vaults)
 27039 | Vaults:2 | Reached skill level 17 in Fighting
 27183 | Vaults:2 | Found a runed translucent gate.
 27183 | Vaults:2 | Found a runed translucent gate.
 27183 | Vaults:2 | Found a runed translucent gate.
 27186 | Vaults:2 | Noticed HilariousDeathArtist's ghost (adept CeWn)
 27631 | Vaults:2 | Reached skill level 18 in Fighting
 27834 | Vaults:2 | Found an iron altar of Okawaru.
 28034 | D:12     | Killed Revguard's ghost
 28046 | D:12     | Killed Tutankhamun's ghost
 28460 | Vaults:3 | Entered Level 3 of the Vaults
 28460 | Vaults:3 | Noticed a lich
 28804 | Depths:1 | Entered Level 1 of the Depths
 28985 | D:12     | Reached skill level 19 in Fighting
 29578 | Depths:1 | Found a one-way gate to the infinite horrors of the Abyss.
 29623 | Depths:1 | Reached XP level 19. HP: 165/184 MP: 26/26
 29678 | Depths:1 | Reached skill level 20 in Fighting
 29933 | Depths:1 | Found a gateway to Hell.
 30263 | Depths:1 | Found a one-way gate leading to the halls of Pandemonium.
 31412 | Depths:2 | Noticed a juggernaut
 31529 | Depths:2 | Killed a juggernaut
 32188 | Depths:3 | Noticed a caustic shrike
 32202 | Depths:3 | Killed a caustic shrike
 32562 | Depths:3 | Reached XP level 20. HP: 193/193 MP: 28/28
 32896 | Depths:3 | Noticed Mara
 32978 | Depths:3 | Noticed gruber's illusion
 32998 | Depths:3 | Paralysed by a great orb of eyes for 4 turns
 32999 | Depths:3 | Noticed gruber's illusion
 33530 | Depths:3 | Identified the +7 plate armour "Goth" {Int+5}
 33548 | Depths:3 | Identified the ring of Atyuf {+Fly rElec rCorr}
 33710 | Depths:3 | Identified Sif Muna's Incunabulum of the Lucky Arsonist
 33732 | Depths:3 | Reached skill level 15 in Invocations
 34072 | Depths:4 | Noticed Mennas
 34075 | Depths:4 | Killed Mennas
 34084 | Depths:4 | Noticed Frederick
 34100 | Depths:4 | Killed from afar by Frederick

Skill      XL: |  1  2  3  4  5  6  7  8  9 10 11 12 13 14 15 16 17 18 19 20 |
---------------+-------------------------------------------------------------+-----
Fighting       | 2 3 10 13 15 19 20 | 20.0
Short Blades   | 4 6 7 9 11 12 15 18 | 18.0
Dodging        | 8 11 15 | 15.0
Armour         | 6 10 11 17 | 17.0
Stealth        | 7 10 12 | 12.0
Evocations     | 8 |  8.2
Invocations    | 2 11 12 15 | 15.1
Translocations | 3 |  3.1
Maces & Flails | |  1.2

Action                   |  1- 3 |  4- 6 |  7- 9 | 10-12 | 13-15 | 16-18 | 19-21 || total
-------------------------+-------+-------+-------+-------+-------+-------+-------++-------
Melee: Whip              |    77 |       |       |       |       |       |       ||    77
       Headbutt          |    11 |    10 |    16 |   138 |   313 |   470 |   366 ||  1324
       Dagger            |     2 |    99 |       |       |       |       |       ||   101
       Unarmed           |       |     4 |       |       |       |       |       ||     4
       Pair of quick bla |       |    48 |   184 |   711 |  1461 |  1598 |   999 ||  5001
Throw: Javelin           |       |       |       |       |     1 |       |     4 ||     5
Invok: Lesser Servant of |       |       |       |       |     2 |     5 |     4 ||    11
       Greater Servant o |       |       |       |       |       |       |     6 ||     6
 Abil: Evoke Invisibilit |       |       |       |       |     4 |     5 |     1 ||    10
Evoke: Lightning rod     |       |       |       |       |     4 |       |       ||     4
       Lamp of fire      |       |       |       |       |       |     1 |     1 ||     2
       Wand              |       |       |       |       |       |       |     1 ||     1
  Use: Scroll            |       |       |       |    15 |     7 |     5 |       ||    27
       Potion            |       |       |       |       |     6 |       |     2 ||     8
 Stab: Sleeping          |     4 |     5 |     3 |    11 |    69 |    57 |    26 ||   175
       Distracted        |       |       |       |       |     6 |     9 |     8 ||    23
       Invisible         |       |       |       |       |     3 |    36 |     3 ||    42
  Eat: Chunk             |       |     5 |     8 |    16 |    26 |    28 |    12 ||    95
       Ration            |       |       |     1 |       |     3 |       |     1 ||     5
Armor: Robe              |    22 |    29 |    21 |     2 |       |       |       ||    74
       Leather armour    |       |       |       |    69 |   213 |    47 |       ||   329
       Scale mail        |       |       |       |       |       |   213 |   133 ||   346
Dodge: Dodged            |    59 |    58 |    36 |   170 |   981 |   855 |   457 ||  2616
       Deflected         |       |       |       |     5 |     1 |       |       ||     6
